AoeStats
← Fatamon6

Arabia

505905555Analyzed
4v4 RM · 21d ago on Sep 11, 2026· 73m 1s· 8 players
Game mode
Random Map
Map size
Large (8 player)
Population
200
Speed
Normal
Resources
Standard
Victory
Conquest
Starting age
Dark Age
Ending age
Imperial Age
RankedLock teamsTeams togetherTeam positionsShared explorationLock speedFull tech treeHidden civsTurbo modeCheats
Victory
Defeat
🇸🇪 Malians · Sweden
933
+12
🇦🇹 Hindustanis · Austria
919
+13
🇫🇷 Japanese · France
849
+16
🇸🇪 Aztecs · Sweden
736
+20
🇨🇳 Lithuanians · China
943
-19
🇨🇳 Khitans · China
894
-17
🇹🇷 Franks · Türkiye
778
-13
🇩🇪 Burmese · Germany
761
-12
rompii88
0:49 Loom
13:33 Feudal Age
14:11 Feudal Age
19:31 Castle Age
19:10 Stone Mining
19:21 Gold Mining
19:22 Horse Collar
F-I-R-O
1:31 Loom
12:14 Feudal Age
16:40 Castle Age
18:39 Double-Bit Axe
18:37 Horse Collar
20:37 Bow Saw
27:18 Gold Mining
27:24 Stone Mining
29:11 Wheelbarrow
28:22 Town Watch
36:36 Imperial Age
34:56 Scale Mail Armor
35:06 Forging
34:48 Arson
36:44 Chain Mail Armor
37:04 Iron Casting
35:52 Pikeman
36:18 Gambesons
36:34 Squires
36:26 Elite Skirmisher
37:12 Thumb Ring
38:16 Plate Mail Armor
38:44 Conscription
40:49 Blast Furnace
41:43 Hand Cart
41:29 Town Patrol
40:58 Elite Samurai
44:00 Halberdier
53:46 Heavy Plow
54:27 Hand Cart
54:13 Town Patrol
55:33 Blast Furnace
gädda
3:21 Loom
12:26 Feudal Age
13:10 Double-Bit Axe
13:06 Horse Collar
18:27 Castle Age
Fatamon6
11:12 Feudal Age
9:29 Loom
15:27 Castle Age
13:50 Horse Collar
18:10 Wheelbarrow
17:25 Double-Bit Axe
19:17 Heavy Plow
20:38 Town Watch
22:50 Bow Saw
24:23 Hand Cart
25:06 Husbandry
25:18 Bloodlines
26:54 Gold Mining
26:55 Stone Mining
27:30 Town Patrol
27:50 Forging
27:46 Scale Barding Armor
30:11 Iron Casting
29:57 Chain Barding Armor
32:10 Fletching
35:30 Imperial Age
35:43 Heavy Camel Rider
36:51 Conscription
37:07 Hoardings
36:33 Grand Trunk Road
37:37 Blast Furnace
37:13 Plate Barding Armor
36:39 Padded Archer Armor
36:36 Bodkin Arrow
37:49 Two-Man Saw
37:14 Ballistics
36:50 Murder Holes
37:55 Chemistry
37:40 Imperial Camel Rider
41:23 Leather Archer Armor
43:58 Shatagni
44:35 Ring Archer Armor
44:06 Bracer
45:39 Stone Shaft Mining
45:40 Gold Shaft Mining
44:41 Siege Elephant
50:29 Squires
49:49 Pikeman
桂花折枝为谁落
12:32 Feudal Age
13:13 Double-Bit Axe
13:15 Domestication
18:24 Castle Age
19:30 Forging
19:23 Light Cavalry
20:47 Iron Casting
32:33 Imperial Age
30:50 Thumb Ring
30:07 Elite Skirmisher
33:36 Wheelbarrow
33:09 Scale Barding Armor
33:09 Husbandry
34:00 Conscription
33:45 Hussar
35:04 Lamellar Armor
35:29 Chain Barding Armor
51:53 Capped Ram
56:17 Hand Cart
58:27 Ballistics
59:08 Chemistry
59:25 Heavy Cavalry Archer
66:34 Parthian Tactics
67:18 Padded Archer Armor
71:53 Bow Saw
TANRIM-AFFET
10:22 Feudal Age
13:54 Double-Bit Axe
14:42 Loom
21:01 Castle Age
22:04 Bow Saw
24:13 Scale Barding Armor
27:19 Wheelbarrow
28:40 Gold Mining
28:41 Stone Mining
30:01 Pikeman
31:27 Scale Mail Armor
31:38 Forging
31:48 Chain Barding Armor
32:20 Hand Cart
32:15 Husbandry
35:30 Iron Casting
35:11 Chain Mail Armor
35:05 Squires
39:01 Imperial Age
40:15 Gold Shaft Mining
39:29 Cavalier
40:57 Plate Barding Armor
41:23 Blast Furnace
40:55 Plate Mail Armor
40:46 Town Watch
42:49 Paladin
45:15 Halberdier
57:15 Chemistry
58:02 Chivalry
61:53 Light Cavalry
64:31 Conscription
KleinerOregan00
13:31 Feudal Age
17:42 Loom
20:15 Castle Age
20:11 Scale Mail Armor
21:04 Horse Collar
23:52 Wheelbarrow
23:44 Gold Mining
24:25 Heavy Plow
24:49 Stone Mining
28:22 Gold Shaft Mining
27:13 Elite Skirmisher
27:58 Squires
27:43 Arson
29:23 Hand Cart
28:36 Pikeman
29:02 Arson
29:03 Gambesons
31:20 Forging
31:27 Chain Mail Armor
31:29 Caravan
36:09 Imperial Age
33:52 Fletching
34:03 Padded Archer Armor
34:39 Iron Casting
34:51 Treadmill Crane
35:32 Ballistics
35:38 Bloodlines
35:28 Husbandry
35:37 Husbandry
36:38 Bodkin Arrow
36:48 Scale Barding Armor
38:39 Chemistry
39:21 Crop Rotation
40:56 Halberdier
42:39 Conscription
43:36 Blast Furnace
44:17 Elite Arambai
45:05 Manipur Cavalry
44:29 Light Cavalry
45:12 Bracer
45:41 Chain Barding Armor
46:00 Plate Mail Armor
46:19 Man-at-Arms
46:31 Elite Battle Elephant
51:07 Plate Barding Armor
50:31 Hussar
50:43 Long Swordsman
51:49 Guilds
52:52 Crossbowman
2026
0:30 Loom
10:25 Feudal Age
15:00 Castle Age
12:45 Horse Collar
18:41 Fervor
21:18 Bloodlines
22:03 Town Watch
30:22 Wheelbarrow
30:43 Husbandry
34:22 Imperial Age
32:43 Scale Barding Armor
36:14 Elite Leitis
38:11 Chain Barding Armor
38:12 Light Cavalry
38:42 Pikeman
39:48 Ballistics
39:04 Winged Hussar
41:29 Forging
41:56 Plate Barding Armor
40:44 Halberdier
42:52 Iron Casting
45:04 Fletching
45:02 Double-Bit Axe
45:54 Bodkin Arrow
47:58 Scale Mail Armor
48:00 Squires
48:04 Murder Holes
49:49 Bracer
51:23 Chemistry
53:02 Bow Saw
53:04 Heavy Plow
53:57 Chain Mail Armor
53:48 Hill Forts
55:20 Padded Archer Armor
55:40 Arson
55:48 Gold Mining
56:17 Hand Cart
57:11 Town Patrol
57:29 Leather Archer Armor
57:18 Elite Skirmisher
59:04 Hoardings
58:45 Masonry
65:01 Ring Archer Armor
66:00 Conscription
65:44 Tower Shields
Connection lost

Rejoining the realm…

Still unreachable

The connection could not be restored.

Session expired

The server has moved on; the page needs a fresh start.